 Dungeon Crawl Stone Soup version 0.24.0-1-gfbc8707 (webtiles) character file.

Game seed: 11900704296099305225, levelgen mode: deterministic

45 TheDoctor the Sneak (level 3, 0/23 HPs)
             Began as an Octopode Transmuter on Nov 8, 2019.
             Succumbed to an adder's poison
             ... on level 1 of the Dungeon.
             The game lasted 00:05:38 (1663 turns).

TheDoctor the Sneak (Octopode Transmuter)           Turns: 1663, Time: 00:05:38

Health: 0/23       AC:  1    Str:  9    XL:     3   Next: 64%
Magic:  6/6        EV: 13    Int: 16    God:
Gold:   20         SH:  0    Dex: 12    Spells: 3/6 levels left

rFire    . . .     SeeInvis .     - Unarmed
rCold    . . .     Gourm    .   (no shield)
rNeg     . . .     Faith    .   (helmet restricted)
rPois    .         Spirit   .   (no amulet)
rElec    .         Reflect  .   (no ring)
rCorr    .         Harm     .   (no ring)
MR       .....     Clarity  +   (no ring)
Stlth    ++++......             (no ring)
HPRegen  0.07/turn              (no ring)
MPRegen  0.10/turn              (no ring)
                                (no ring)
                                (no ring)

@: lethally poisoned (0 -> -9), hasted, very quick
A: almost no armour, stealthy swim, amphibious, 8 rings, constrict 8, camouflage
1, clarity, gelatinous body 1, MP-powered wands
a: no special abilities


You were on level 1 of the Dungeon.
You were not hungry.

You visited 1 branch of the dungeon, and saw 2 of its levels.

You collected 20 gold pieces.

Inventory:

Missiles
 a - 36 arrows
 d - 30 stones (quivered)
Scrolls
 b - a scroll of remove curse
 e - a scroll of fear {unknown}
 f - 2 scrolls of noise
 h - a scroll of immolation
Comestibles
 c - 3 rations


   Skills:
 - Level 1.0 Fighting
 - Level 2.0 Dodging
 + Level 4.7 Stealth
 - Level 3.0 Unarmed Combat
 - Level 2.0 Spellcasting
 - Level 2.0 Transmutations


You had 3 spell levels left.
You knew the following spells:

 Your Spells              Type           Power        Failure   Level  Hunger
a - Beastly Appendage     Tmut           #.....       9%          1    #......
b - Sticks to Snakes      Tmut           #.......     14%         2    ###....

Your spell library contained the following spells:

 Spells                   Type           Power        Failure   Level  Hunger
 Spider Form              Tmut/Pois      #.........   38%         3    ###....
 Ice Form                 Ice/Tmut       #.......     80%         4    #####..
 Blade Hands              Tmut           #.........   94%         5    ######.


Dungeon Overview and Level Annotations

Branches:
Dungeon (2/15)

Altars:


Innate Abilities, Weirdness & Mutations

You cannot wear most types of armour.
You are very stealthy in the water. (Stealth+)
You are amphibious.
You can wear up to eight rings at the same time.
You can use your tentacles to constrict eight enemies at once.
Your skin changes colour to match your surroundings (Stealth+).
Your rubbery body absorbs attacks. (AC +1, EV +1)
You possess an exceptional clarity of mind.
You expend magic power (3 MP) to strengthen your wands.


Message History

You kill the adder!
You feel sick.
It was a potion of haste.
You feel yourself speed up.
You feel sick. The rat bites you.
* * * LOW HITPOINT WARNING * * *
It was a potion of mutation.
You feel extremely strange.
You feel your magical essence link to the dungeon's wands.
Your thoughts seem clearer.
* * * LOW HITPOINT WARNING * * *
You feel sick. The rat bites you but does no damage.
* * * LOW HITPOINT WARNING * * *
You feel sick.
* * * LOW HITPOINT WARNING * * *
You feel sick.
You aren't carrying any potions.
Unknown command.
Unknown command.
* * * LOW HITPOINT WARNING * * *
You feel sick.
You die...

#.....#.##.#†###.....#...)...
##.....#.##.#.#
#.###.########
#......#.####.#
#.#.#.........
#......#......#
#.#.##########
#......#####.r#
#.#.......#... #.##..## #.#.#
#.#.#####.#.#. #÷##.## #.#.#
#...#.P...#.#.
#.##.######.#.#
##.########.##
#...........#@#
#.............
#....#####.##.#
#.######.#####
#.##.......##.#
#......#.#<...
#.##########..#
##############
#.##.........##
#.##.######### #.#..# #.#.##
#)..#


You could see a rat (inner flame).

Vanquished Creatures
  An adder (D:1)
  A dart slug (D:1)
  2 leopard geckos (D:1)
  A giant cockroach (D:1)
  2 goblins (D:1)
  4 hobgoblins (D:1)
  5 jackals (D:1)
  A bat (D:1)
  2 frilled lizards (D:1)
  9 kobolds (D:1)
28 creatures vanquished.

Notes
Turn   | Place    | Note
-------+----------+-------------------------------------------
     0 | D:1      | TheDoctor the Octopode Transmuter began the quest for the
                  | Orb.
     0 | D:1      | Reached XP level 1. HP: 13/13 MP: 3/3
    33 | D:1      | Reached skill level 1 in Stealth
    72 | D:1      | Reached skill level 2 in Stealth
   140 | D:1      | Reached XP level 2. HP: 18/18 MP: 5/5
   435 | D:1      | Reached skill level 3 in Stealth
   803 | D:1      | Learned a level 2 spell: Sticks to Snakes
   912 | D:1      | Reached XP level 3. HP: 23/23 MP: 6/6
  1003 | D:1      | Reached skill level 4 in Stealth
  1656 | D:1      | Gained mutation: You expend magic power (3 MP) to
                  | strengthen your wands. [potion of mutation]
  1656 | D:1      | Gained mutation: You possess an exceptional clarity of
                  | mind. [potion of mutation]
  1661 | D:1      | HP: 1/23 [poisoned by an adder]
  1663 | D:1      | Succumbed to an adder's poison

Levels and vault maps discovered:
D:1:      onia_arrival_mini_maze, layout_basic, serial_co_window_serial,
          co_window_of_opportunity_a, co_window_paths_a, co_window_corner_a,
          co_window_of_opportunity_a, co_window_paths_a, co_window_2corner,
          co_window_broadway_b, co_window_cross_2, co_window_corner_ca,
          co_window_corner_b, glass_columns_b, glass_columns_b,
          kennysheep_crisscross, corexii_leaking_fountain
D:2:      layout_loops_ring, overflow_temple_1_default, first_ration,
          chequers_ecumenical_altar_simple

Skill      XL: |  1  2  3 |
---------------+----------+-----
Stealth        | 2 3 4 |  4.7
Fighting       | |  1.0
Dodging        | |  2.0
Unarmed Combat | |  3.0
Spellcasting   | |  2.0
Transmutations | |  2.0

Action                   || total
-------------------------++-------
Melee: Unarmed           ||    61
       Constrict         ||    17
       Tentacles         ||    10
       Kick              ||     1
       Punch             ||     1
Throw: Stone             ||    11
 Cast: Beastly Appendage ||     1
  Use: Scroll            ||     3
       Potion            ||     2
 Stab: Sleeping          ||     9
  Eat: Chunk             ||     2
Armor: Skin              ||     4
Dodge: Dodged            ||    38
